 Dungeon Crawl Stone Soup version 0.14-a0-2810-g474977d (webtiles) character file.

212 Charos the Digger (level 5, -1/44 HPs)
             Began as a Lava Orc Earth Elementalist on Feb 25, 2014.
             Was an Initiate of Ashenzari.
             Slain by a green rat (9 damage)
             ... on Level 4 of the Dungeon.
             The game lasted 00:23:48 (2783 turns).

Charos the Digger (Lava Orc Earth Elementalist)     Turns: 2783, Time: 00:23:50

HP  -1/44        AC  3     Str 12      XL: 5   Next:  9%
MP   9/9         EV 12     Int 15      God: Ashenzari [......]
Gold 63          SH  0     Dex 11      Spells:  3 memorised,  1 level left

rFire  + + +     SeeInvis .     a - +3,+2 hammer (drain)
rCold  x . .     Clarity  .     c - +0 orc robe (curse)
rNeg   . . .     Conserve .     (no shield)
rPois  .         rCorr    .     (no helmet)
rElec  .         rRot     .     m - +0 cloak
SustAb . .       Spirit   .     (no gloves)
rMut   .         Warding  .     (no boots)
Saprov + . .     Stasis   .     (no amulet)
MR     .....                    (no ring)
                                (no ring)

@: very slightly contaminated, not resistant to hostile enchantments, unstealthy
A: conserve scrolls, saprovore 1
a: Renounce Religion


You were on level 4 of the Dungeon.
You worshipped Ashenzari.
Ashenzari was noncommittal.
You were not hungry.

You visited 1 branch of the dungeon, and saw 4 of its levels.

You collected 63 gold pieces.

Inventory:

Hand weapons
 a - a +3,+2 hammer of draining (weapon)
 b - a +0 blowgun
 k - a +0,+0 whip
 l - a +3,+2 quarterstaff of chaos
 n - a +0,+0 sling
 o - a +0,+0 hand axe
 u - a +0,+0 mace
Missiles
 A - 6 poisoned needles
Armour
 c - a cursed +0 orcish robe (worn)
 m - a +0 cloak (worn)
 x - a +0 plate armour
Comestibles
 i - a meat ration
 j - 2 bread rations
 q - 2 chokos
 s - a chunk of adder flesh
 B - a chunk of adder flesh
Scrolls
 e - a scroll of remove curse
 f - a scroll of noise {unknown}
 h - a scroll of curse jewellery
 v - 3 scrolls of identify {unknown}
 w - a scroll of amnesia {unknown}
 C - a scroll of recharging {unknown}
Potions
 p - a potion of curing {unknown}
 r - a potion of speed {unknown}
 t - a potion of mutation {unknown}
Books
 d - a book of Geomancy

   Spells                             Type                      Level
   *Sandblast                         Earth                        1
   Stoneskin                          Transmutation/Earth          2
   *Passwall                          Transmutation/Earth          3
   *Stone Arrow                       Conjuration/Earth            3
   Petrify                            Transmutation/Earth          4
   Lee's Rapid Deconstruction         Earth                        5


   Skills:
 + Level 2.8 Fighting
 - Level 1.0 Axes
 + Level 1.4 Maces & Flails
 - Level 1.2 Armour
 - Level 1.5 Dodging
 - Level 1.5 Stealth
 + Level 2.0 Spellcasting
 + Level 1.5 Conjurations
 - Level 1.3 Transmutations
 + Level 4.2 Earth Magic


You had one spell level left.
You knew the following spells:

 Your Spells              Type           Power        Failure   Level  Hunger
a - Sandblast             Erth           ##....       4%          1    #......
b - Stone Arrow           Conj/Erth      ##....       24%         3    ####...
c - Passwall              Trmt/Erth      #.........   24%         3    ####...


Dungeon Overview and Level Annotations

Branches:
Dungeon (4/16)
 Temple: D:4-7

Altars:
Ashenzari

Annotations:
D:4 Menkaure


Innate Abilities, Weirdness & Mutations

You have stony skin.
Your flesh is almost immune to the effects of heat.
Your fire spells are more powerful.
Your flesh is vulnerable to cold.
Your heat harms attackers.
You bathe your surroundings in blazing heat.
You are too hot to use scrolls.
You are very good at protecting items from fire.
You can tolerate rotten meat.


Message History

The intensity of your heat diminishes.
Found 23 arrows.
Menkaure comes into view.
You're getting fired up.
Menkaure shouts!
Found 10 gold pieces.
A green rat comes into view.
Read which item? (? for menu, Esc to quit)
As you read the scroll labeled IGREAKHLOTUD, it crumbles to dust.
Your +2,+2 hammer of draining glows green for a moment.
It was a scroll of enchant weapon I.
Menkaure mumbles some strange words.
Menkaure seems to speed up.
The green rat misses you.
The giant gecko is burned by your radiant heat.
The giant gecko is almost dead.
The giant gecko misses you.
The green rat is burned by your radiant heat.
The green rat is heavily wounded.
The green rat bites you!
You die...

......%......
...$....M..♣
.......#..♣
#.......r♣♣♣♣
#..♣♣♣♣
#..P.♣♣
#..♣♣♣♣
#..♣.♣♣♣P♣
#r@.♣P..♣
#l♣P♣♣♣P..♣
#..♣♣♣ ♣
#§.≈♣♣
#.♣♣§....
#.♣.♣..P.
#.P♣♣♣♣♣♣
#..$ .♣ #.♣P
♣.♣


You could see Menkaure, 2 green rats and a giant gecko.

Vanquished Creatures
  Crazy Yiuf (D:2)
  6 adders
  A worm (D:4)
  2 giant geckos (D:2)
  3 oozes (D:2)
  6 bats
  3 goblins
  8 hobgoblins
  8 jackals (D:2)
  8 kobolds
  3 giant cockroaches
  5 giant newts
  2 quokkas (D:2)
  9 rats
  2 fungi (D:2)
67 creatures vanquished.

Vanquished Creatures (others)
  A toadstool (D:2)
1 creature vanquished.

Grand Total: 68 creatures vanquished

Notes
Turn   | Place    | Note
--------------------------------------------------------------
     0 | D:1      | Charos, the Lava Orc Earth Elementalist, began the quest for the Orb.
     0 | D:1      | Reached XP level 1. HP: 14/14 MP: 2/2
    98 | D:1      | Reached skill level 1 in Fighting
   305 | D:1      | Reached XP level 2. HP: 23/23 MP: 0/3
   581 | D:1      | Reached skill level 1 in Armour
  1235 | D:2      | Reached XP level 3. HP: 29/29 MP: 3/5
  1240 | D:2      | Learned a level 3 spell: Stone Arrow
  1451 | D:2      | Noticed Crazy Yiuf
  1466 | D:2      | Killed Crazy Yiuf
  1466 | D:2      | Reached skill level 1 in Axes
  1466 | D:2      | Reached skill level 4 in Earth Magic
  1545 | D:2      | Reached XP level 4. HP: 36/36 MP: 6/6
  1580 | D:2      | Found a shattered altar of Ashenzari.
  1612 | D:2      | Became a worshipper of Ashenzari the Shackled
  1739 | D:2      | Reached skill level 1 in Conjurations
  2160 | D:2      | Reached skill level 1 in Maces & Flails
  2587 | D:3      | Reached XP level 5. HP: 38/42 MP: 8/8
  2644 | D:3      | Learned a level 3 spell: Passwall
  2778 | D:4      | Noticed Menkaure
  2783 | D:4      | Slain by a green rat

Action                   |  1- 3 |  4- 6 || total
-------------------------+-------+-------++-------
Melee: Mace              |    42 |       ||    42
       Whip              |     2 |       ||     2
       Hand axe          |    26 |       ||    26
       Hammer            |     3 |   115 ||   118
 Fire: Blowgun           |       |     2 ||     2
 Cast: Sandblast         |    20 |     1 ||    21
       Stone Arrow       |       |     1 ||     1
       Passwall          |       |     1 ||     1
  Use: Potion            |     1 |       ||     1
       Scroll            |     2 |     4 ||     6
 Stab: Sleeping          |     1 |     2 ||     3
